 Seeded DCSS version 0.30-a0-377-g5cb311bc9f (webtiles) character file.

Game seed: 20221130 (custom seed)

294 flotson the Sneak (level 6, -1/43 HPs)
             Began as a Demonspawn Delver on Nov 30, 2022.
             Was a Believer of Hepliaklqana.
             Slain by an iguana (9 damage)
             ... on level 4 of the Dungeon.
             The game lasted 00:05:15 (2658 turns).

flotson the Sneak (Demonspawn Delver)               Turns: 2658, Time: 00:05:18

Health: -1/43      AC:  8    Str: 20    XL:     6   Next: 11%
Magic:  7/7        EV: 12    Int: 12    God:    Hepliaklqana [**....]
Gold:   86         SH:  0    Dex: 18    Spells: 5/5 levels left

rFire   . . .      SeeInvis .    y - +0 war axe (vorpal)
rCold   . . .      Faith    .    (no shield)
rNeg    . . .      Spirit   .    q - +0 ring mail
rPois   .          Reflect  .    t - +0 helmet
rElec   .          Harm     .    x - +0 cloak
rCorr   .          Rampage  .    (no gloves)
Will    .....                    a - +0 pair of boots
Stlth   ++++......               (no amulet)
HPRegen 0.27/turn                r - +6 ring of strength
MPRegen 0.10/turn                (no ring)

@: no status effects
A: reduced essence, claws 1, thin skeletal structure 2
a: Renounce Religion, Recall Ancestor, Ancestor Identity


You were on level 4 of the Dungeon.
You worshipped Hepliaklqana.
Hepliaklqana was pleased with you.
You visited 1 branch of the dungeon, and saw 5 of its levels.

You collected 117 gold pieces.
You spent 31 gold pieces at shops.

Inventory:

Hand Weapons
 y - a +0 vorpal war axe (weapon)
Missiles
 v - 3 curare-tipped darts
 w - 5 javelins (quivered)
Armour
 a - a +0 pair of boots (worn)
 q - a +0 ring mail (worn)
 t - a +0 helmet (worn)
 x - a +0 cloak (worn)
Jewellery
 r - a +6 ring of strength (left claw)
 B - a ring of fire
Wands
 g - a wand of digging (3)
 h - a wand of polymorph (6)
Scrolls
 c - a scroll of fog
 d - 2 scrolls of magic mapping
 e - 2 scrolls of fear
 f - 2 scrolls of summoning {unknown}
 j - 2 scrolls of teleportation {unknown}
 k - 2 scrolls of identify {unknown}
 l - 2 scrolls of poison {unknown}
 p - 2 scrolls of noise {unknown}
Potions
 b - 2 potions of mutation {unknown}
 i - 2 potions of might {unknown}
 m - 2 potions of degeneration {unknown}
 n - a potion of berserk rage {unknown}
 o - 3 potions of brilliance {unknown}
 s - a potion of lignification {unknown}
 u - a potion of curing {unknown}
 z - a potion of flight {unknown}
 A - a potion of heal wounds {unknown}


   Skills:
 + Level 3.7 Fighting
 + Level 2.7 Polearms
 + Level 1.2 Throwing
 + Level 1.9 Armour
 + Level 2.5 Dodging
 - Level 5.0 Stealth
 + Level 2.2 Invocations
 + Level 2.1 Evocations


You had 5 spell levels left.
You didn't know any spells.
Your spell library contained the following spells:

 Spells                   Type           Power      Damage    Failure   Level
 Dazzling Flash           Conj/Hex       0%         N/A       86%         3
 Agony                    Necr           0%         N/A       100%        5
 Alistair's Intoxication  Tmut/Pois      0%         N/A       100%        5
 Borgnjor's Vile Clutch   Necr/Erth      0%         N/A       100%        5
 Silence                  Hex/Air        0%         N/A       100%        5
 Eringya's Noxious Bog    Tmut/Pois      0%         N/A       100%        6


Dungeon Overview and Level Annotations

Branches:
Dungeon (5/15)
 Temple: D:4-7

Altars:
Cheibriados
Dithmenos
Fedhas
Hepliaklqana
Sif Muna
Vehumet
Wu Jian
Yredelemnul

Shops:
D:2 (   D:4 (


Innate Abilities, Weirdness & Mutations

Your life essence is reduced to manifest your ancestor. (-10% HP)
You have sharp fingernails.
You have a moderately thin skeletal structure. (Dex +4, Stealth++)


Message History

The orc dies!
The orc priest hits you but does no damage.
Training target 5.0 for Stealth reached!
Your Stealth skill increases to level 5!
You closely miss the orc priest.
The orc priest is lightly wounded.
The orc priest hits you with a +0 flail.
Unknown command.
You hit the orc priest.
The orc priest is severely wounded.
You hit the iguana but do no damage.
Quintus casts a spell at the orc priest.
The puff of frost hits the orc priest!
The orc priest dies!
The iguana bites you! The iguana bites you.
You have reached level 6!
Quintus remembers more of their old skill.
You closely miss the iguana.
Quintus gestures at the iguana while chanting.
The puff of frost misses the iguana.
The iguana bites you.
The kobold hits Quintus with a +0 whip.
Unknown command.
You are too injured to fight recklessly!
Unknown command.
You are too injured to fight recklessly!
Unknown command.
You barely miss the iguana.
Quintus closely misses the kobold.
The iguana bites you!
The kobold hits Quintus with a +0 whip.
Quintus hits the kobold with a +0 quarterstaff!
The kobold dies!
The iguana barely misses you.
You completely miss the iguana.
Quintus closely misses the iguana.
The iguana misses you.
You hit the iguana.
The iguana is lightly wounded.
Quintus hits the iguana with a +0 quarterstaff!
The iguana bites you.
* * * LOW HITPOINT WARNING * * *
Quintus closely misses the iguana.
The iguana bites you!
You die...

.......<....#.#...........##
....(.......#....#........##
...#.##.....##.รท.#..........
. # ###.#.##...#.......###
#.#......######### #
###.####..## #####
#.....##..########....
.##.....##..##..........
#....)R@..........#..##.
#.#...)l######.#..#..##.
........# #.#.....##.
#.#.#.### #.##.#.###. # # #.
#.##.#.###. .. #.......... .#
########### #.


You could see the friendly Quintus the battlemage and an iguana (ally target).

Vanquished Creatures
  2 jellies (D:2)
  A hound (D:3)
  An orc wizard (D:3)
  2 adders
  A worm (D:3)
  3 orcs
  12 endoplasms
  A giant cockroach (D:1)
  3 hobgoblins
  9 kobolds
  3 quokkas
  A ball python (D:3)
  3 bats
  2 frilled lizards
  2 goblins
  5 rats (D:1)
51 creatures vanquished.

Vanquished Creatures (collateral kills)
  A jelly (D:2)
  2 orc priests
  5 orcs
  A bat (D:3)
  2 endoplasms
  A goblin (D:2)
  A quokka (D:3)
  A ball python (D:3)
  4 kobolds
18 creatures vanquished.

Vanquished Creatures (others)
  2 ancestors (D:2)
  8 fungi (D:2)
  8 toadstools (D:2)
18 creatures vanquished.

Grand Total: 87 creatures vanquished

Notes
Turn   | Place    | Note
-------+----------+-------------------------------------------
     0 | D:5      | flotson the Demonspawn Delver began the quest for the Orb.
     0 | D:5      | Reached XP level 1. HP: 18/18 MP: 1/1
    51 | D:4      | Gained mutation: You have a somewhat thin skeletal
                  | structure. (Dex +2, Stealth+) [demonic ancestry]
    51 | D:4      | Reached XP level 2. HP: 4/24 MP: 2/2
   158 | D:4      | Found Luc Qode's Antique Weapon Boutique.
   167 | D:3      | Found a hazy altar of Hepliaklqana.
   206 | D:3      | Found an ornate altar of the Wu Jian Council.
   206 | D:3      | Found a shadowy altar of Dithmenos.
   221 | D:3      | Became a worshipper of Hepliaklqana the Forgotten
   235 | D:3      | Found a shimmering blue altar of Sif Muna.
   237 | D:3      | Found a blossoming altar of Fedhas.
   237 | D:3      | Found a snail-covered altar of Cheibriados.
   398 | D:2      | Found a radiant altar of Vehumet.
   594 | D:1      | Gained mutation: You have a moderately thin skeletal
                  | structure. (Dex +4, Stealth++) [demonic ancestry]
   594 | D:1      | Reached XP level 3. HP: 29/29 MP: 3/3
   676 | D:1      | Reached * piety under Hepliaklqana
   823 | D:1      | Reached skill level 1 in Armour
  1082 | D:2      | Found Vyaxu's Weapon Emporium.
  1087 | D:2      | Bought 4 curare-tipped darts for 31 gold pieces
  1332 | D:2      | Found a faded altar of an unknown god.
  1574 | D:2      | Reached skill level 1 in Evocations
  1765 | D:2      | Reached skill level 1 in Invocations
  1765 | D:2      | Reached XP level 4. HP: 29/31 MP: 4/4
  1818 | D:2      | Gained mutation: You have sharp fingernails. [demonic
                  | ancestry]
  1818 | D:2      | Reached XP level 5. HP: 36/36 MP: 4/6
  2104 | D:3      | Reached skill level 1 in Throwing
  2170 | D:3      | Reached ** piety under Hepliaklqana
  2171 | D:3      | Remembered your ancestor Quintus as a battlemage
  2487 | D:4      | Found a basalt altar of Yredelemnul.
  2653 | D:4      | Reached skill level 5 in Stealth
  2655 | D:4      | Reached XP level 6. HP: 23/43 MP: 7/7
  2658 | D:4      | Slain by an iguana

Illustrated notes

Levels and vault maps discovered:
D:1:      minmay_arrival_checkered_box, layout_loops_ring
D:2:      cheibrodos_fertilizer, layout_basic,
          shapermc_ecumenical_altar_notcrosses, basic_altar, serial_shops, shop
D:3:      layout_basic, amcnicky_altar_gilded, grunt_temple_overflow_open
D:4:      layout_loops_cross, yredelemnul_altar_generic,
          mainiacjoe_overflow_alcove_2, serial_shops, shop,
          nicolae_shop_hallway_plus, shop, nicolae_shop_unique_rings
D:5:      layout_basic, okawaru_metal_pillars_1_2, serial_shops,
          kennysheep_little_box, uniq_edmund

Skill      XL: |  1  2  3  4  5 |
---------------+----------------+-----
Polearms       | 2 |  2.7
Dodging        | 2 |  2.5
Armour         | 1 |  1.9
Evocations     | 1 2 |  2.1
Invocations    | 1 2 |  2.2
Throwing       | 1 |  1.2
Stealth        | 5 |  5.0
Fighting       | |  3.7

Action                   |  1- 3 |  4- 6 || total
-------------------------+-------+-------++-------
Melee: Spear             |    78 |       ||    78
       Punch             |     1 |       ||     1
       Short sword       |    30 |     4 ||    34
       War axe           |       |    27 ||    27
Throw: Dart              |     3 |       ||     3
       Javelin           |     1 |     4 ||     5
Invok: Ancestor Life: Ba |       |     1 ||     1
  Use: Potion            |     1 |       ||     1
 Stab: Sleeping          |    11 |     5 ||    16
Armor: Leather armour    |     6 |       ||     6
       Ring mail         |    24 |    11 ||    35
Dodge: Dodged            |    32 |    16 ||    48

Table legend: (Time is in decaauts)
 A = Elapsed time spent in this place.
 B = Non-inter-level travel time spent in this place.
 C = Inter-level travel time spent in this place.
 D = Time resting spent in this place.
 E = Time spent auto-exploring this place.
 F = Levels seen in this place.
 G = Mean time per level.
                   A        B        C        D        E       F      G
               +--------+--------+--------+--------+--------+-----+--------+
         Total |   2652 |   2567 |     85 |     87 |   1876 |   5 |  530.4 |
       Dungeon |   2652 |   2567 |     85 |     87 |   1876 |   5 |  530.4 |
               +--------+--------+--------+--------+--------+-----+--------+

Top non-repeatable levels by time:
     D:2: 893 daAuts
     D:3: 834 daAuts
     D:1: 594 daAuts
     D:4: 308 daAuts
     D:5: 22 daAuts
